Map: Dead of Night

Players

LilArrin

  • Race: Terran Terran
  • Spawn Location: 0:00

LilArrin

  • Race: Protoss Protoss
  • Spawn Location: 0:00

VOD

Have the link to the VOD?

Description

Time

  • Played on: Jan. 5, 2018, 2:05 a.m.
  • Length: 17:09
Show
View Real Time Build Order
Export as new Build Order

LilArrin Terran 

Build Orders:  

Get SALT Encoding   

  12  0:03  SCV  
  13  0:20  SCV  
  14  0:32  Supply Depot  
  14  0:37  SCV  
  15  0:54  SCV  
  16  1:10  SCV  
  17  1:24  Command Center  
  17  1:28  SCV  
  18  1:45  SCV  
  18  1:47  Barracks  
  19  2:02  SCV  
  20  2:21  Orbital Command  
  20  2:41  Command Center  
  20  2:57  SCV  
  21  3:04  Orbital Command  
  21  3:07  Marine  
  21  3:08  Bunker  
  21  3:14  SCV  
  21  3:17  Marine  
  23  3:23  Refinery  
  23  3:29  Marine  
  24  3:30  Bunker  
  24  3:36  SCV  
  26  3:40  Marine  
  26  3:48  SCV  
  26  3:49  Refinery  
  28  3:54  Marine, SCV  
  30  4:04  Marine  
  30  4:09  SCV  
  32  4:14  Marine  
  32  4:17  SCV  
  34  4:21  Orbital Command  
  34  4:25  Marine  
  35  4:34  Combat Shields  
  35  4:40  SCV x2  
  35  4:41  Barracks Tech Lab  
  37  4:54  Command Center  
  37  5:02  Refinery  
  37  5:23  SCV  
  38  5:32  SCV  
  38  5:33  Barracks  
  38  5:34  Barracks  
  39  5:45  SCV  
  40  5:54  Engineering Bay x2, SCV x2  
  42  6:04  SCV  
  42  6:08  Barracks Tech Lab  
  42  6:09  Barracks Reactor  
  43  6:16  SCV  
  44  6:24  Juggernaut Plating  
  44  6:27  Barracks  
  44  6:29  SCV  
  45  6:36  Orbital Command  
  45  6:49  Terran Infantry Weapons Level 1  
  45  6:50  Terran Infantry Armor Level 1  
  45  6:54  Stabilizer Medpacks  
  45  7:04  Barracks Reactor  
  44  7:10  SCV, Factory  
  44  7:16  Medic  
  44  7:17  Medic  
  49  7:25  SCV  
  49  7:26  Medic  
  52  7:33  Medic  
  52  7:34  Marine  
  52  7:35  Incinerator Gauntlets  
  52  7:39  Marine x2  
  55  7:43  Marine  
  55  7:47  Marine  
  55  7:49  Supply Depot  
  58  7:50  Supply Depot  
  58  7:52  Marine x2  
  58  7:56  Marine x2  
  58  7:59  Medic  
  63  8:03  Marine  
  63  8:07  Firebat  
  68  8:10  Firebat  
  68  8:17  Armory, Marine  
  71  8:20  Firebat  
  71  8:22  Medic  
  71  8:25  Marine  
  71  8:26  Supply Depot  
  76  8:32  Medic, Marine  
  76  8:33  Firebat  
  76  8:35  Marine  
  82  8:42  Marine  
  82  8:43  Marine  
  82  8:44  Supply Depot  
  82  8:46  Marine  
  82  8:48  Marine  
  85  8:51  Marine  
  85  8:55  Marine  
  85  8:57  Marine  
  85  8:58  Marine x2  
  88  9:04  Marine  
  92  9:11  Marine x2  
  92  9:13  Marine  
  92  9:16  Marine  
  96  9:24  Supply Depot  
  96  9:31  Marine x2, Terran Infantry Weapons Level 2, Terran Infantry Armor Level 2  
  96  9:38  Marine  
  96  9:39  Firebat  
  98  9:41  Firebat  
  98  9:43  Marine  
  104  9:53  Medic, Supply Depot  
  104  9:55  Medic  
  108  10:00  Marine  
  108  10:06  Marine  
  108  10:09  Medic, Firebat  
  109  10:11  Marine  
  114  10:20  Supply Depot  
  114  10:27  Supply Depot, Marine x2  
  115  10:30  Marine  
  115  10:35  Marine  
  115  10:37  Marine x2  
  118  10:44  Marine  
  120  10:51  Medic  
  120  10:53  Medic, Marine  
  120  10:56  Supply Depot  
  125  11:01  Medic  
  124  11:23  Marine x2  
  124  11:24  Medic  
  124  11:25  Medic, Marine x2  
  132  11:33  Marine x2  
  133  11:47  Marine  
  133  11:48  Marine x2  
  133  11:50  Marine x2  
  133  11:56  SCV x2  
  140  12:08  Bunker  
  140  12:09  Bunker x2  
  140  12:28  Marine  
  140  12:31  Medic, Marine x4, Supply Depot  
  140  12:34  Supply Depot  
  140  12:39  Firebat  
  146  12:41  Medic, Marine  
  146  12:43  Marine  
  146  12:46  Supply Depot  
  146  12:47  Marine  
  146  12:48  Marine  
  151  12:51  Medic, Marine x2  
  151  12:54  Marine  
  158  13:02  Firebat  
  158  13:14  Marine x2  
  158  13:16  Marine x2  
  158  13:17  Marine  
  163  13:21  Marine  
  163  13:24  Marine  
  164  13:40  Medic, Marine x5, Supply Depot  
  164  13:41  Supply Depot  
  171  13:51  Medic, Marine x5  
  178  14:01  Marine  
  178  14:07  Supply Depot  
  178  14:08  Supply Depot, Firebat  
  179  14:13  Marine  
  179  14:16  Marine x2  
  179  14:19  Marine  
  87  14:20  Marine x2  
  186  14:30  Medic  
  186  14:33  Marine x2  
  186  14:34  Firebat, Marine x2  
  193  14:41  Marine  
  193  14:43  Marine  
  193  14:44  Marine  
  193  14:46  Marine  
  193  14:47  Marine  
  194  14:50  Marine  
  195  15:14  Marine  
  196  15:23  Supply Depot  
  196  15:24  Marine  
  196  15:25  Marine  
  198  15:38  Marine x3  
  198  15:39  Medic, Marine  
  191  15:44  Marine  
  198  15:51  Marine  
  198  15:52  Marine  
  198  15:53  Firebat  
  200  16:00  Marine  
  200  16:01  Marine  
  200  16:08  Marine  
  200  16:09  Marine x2  
  196  16:30  Marine x2  
  196  16:31  Medic, Marine x2  
  195  16:44  Marine x2  
  195  16:45  Marauder  
  195  16:48  Marine x2  
Show
View Real Time Build Order
Export as new Build Order

LilArrin Protoss 

Build Orders:  

Get SALT Encoding   

Tags
 
Commander
FenixRaynor
Matchup
Co-op
Replay Pack
Co-op Speedrun
Add a new tag
Caveats
  • Supply blocks, unpowered buildings, or Contaminate may cause inaccurate times.
  • Supply counts are checked every 10 seconds.